 Dungeon Crawl Stone Soup version 0.30.1-9-gdf580d7c3d (webtiles) character file.

Game seed: 977791930811496522

303 Ninjinzu the Slasher (level 6, -4/48 HPs)
             Began as a Demonspawn Berserker on Oct 8, 2023.
             Was a Believer of Trog.
             Slain by a sky beast (5 damage)
             ... on level 3 of the Dungeon.
             The game lasted 00:10:27 (3271 turns).

Ninjinzu the Slasher (Demonspawn Berserker)         Turns: 3271, Time: 00:10:30

Health: -4/48      AC: 11    Str: 19    XL:     6   Next: 15%
Magic:  6/6        EV:  6    Int: 10    God:    Trog [**....]
Gold:   359        SH:  0    Dex: 13    Spells: 5/5 levels left

rFire   + . .        a - +0 falchion
rCold   x . .        (no shield)
rNeg    . . .        o - +0 plate armour
rPois   .            (helmet restricted)
rElec   .            (no cloak)
rCorr   .            (no gloves)
SInv    .            (no boots)
Will    +++..        (no amulet) Stlth
                     k - ring of fire
HPRegen 1.28/turn    l - ring of willpower
MPRegen 0.20/turn

%: no passive effects
@: brilliant, strong-willed, on berserk cooldown, regenerating
A: horns 1, magic regeneration, big brain 1
a: Renounce Religion, Berserk, Trog's Hand


You were on level 3 of the Dungeon.
You worshipped Trog.
Trog was pleased with you.
You visited 1 branch of the dungeon, and saw 4 of its levels.

You collected 359 gold pieces.

Inventory:

Hand Weapons
 a - a +0 falchion (weapon)
Armour
 b - a +0 animal skin
 o - a +0 plate armour (worn)
Jewellery
 i - an amulet of magic regeneration
 k - a ring of fire (left hand)
 l - a ring of willpower (right hand)
 q - a ring of see invisible
 r - a ring of ice
Wands
 t - a wand of flame (14)
Scrolls
 c - 2 scrolls of vulnerability {unknown}
 g - 2 scrolls of identify {unknown}
 h - a scroll of blinking {unknown}
 n - 3 scrolls of enchant armour {unknown}
 s - a scroll of magic mapping {unknown}
Potions
 d - 3 potions of brilliance
 e - a potion of lignification {unknown}
 j - 3 potions of heal wounds {unknown}
 m - 2 potions of degeneration {unknown}
 p - a potion of haste {unknown}


   Skills:
 + Level 4.0 Fighting
 + Level 4.7 Long Blades
 + Level 2.6 Armour
 + Level 3.0 Dodging
 + Level 0.8 Stealth


You had 5 spell levels left.
You didn't know any spells.
Your spell library was empty.

Dungeon Overview and Level Annotations

Branches:
Dungeon (4/15)
 Temple: D:4-7

Altars:
Makhleb
Ru

Shops:
D:1 *   D:3 *


Innate Abilities, Weirdness & Mutations

You have a pair of small horns on your head.
You regenerate magic rapidly.
You have an unusually large brain. (Int +2)


Message History

Trog accepts your kill.
The sky beast flickers out of sight!
Deactivating autopickup; reactivate with Ctrl-A.
Something hits you but does no damage. x2
Something hits you but does no damage.
A sky beast appears from thin air!
Reactivating autopickup.
The sky beast hits you.
* * * LOW HITPOINT WARNING * * *
The sky beast shocks you.
* * * LOW HITPOINT WARNING * * *
Your skin crawls.
You feel strong-willed. The sky beast closely misses you.
You barely miss the sky beast.
The sky beast is lightly wounded.
The sky beast hits you but does no damage. x2
You closely miss the sky beast.
You headbutt the sky beast, but do no damage.
The sky beast is lightly wounded.
The sky beast hits you.
* * * LOW HITPOINT WARNING * * *
The sky beast shocks you.
* * * LOW HITPOINT WARNING * * *
The sky beast hits you but does no damage.
You hit the sky beast.
The sky beast is moderately wounded.
The sky beast hits you.
* * * LOW HITPOINT WARNING * * *
The sky beast shocks you.
* * * LOW HITPOINT WARNING * * *
The sky beast hits you but does no damage.
It was a potion of brilliance.
You feel clever all of a sudden.
You feel yourself speed up.
The sky beast flickers out of sight!
Deactivating autopickup; reactivate with Ctrl-A.
Something hits you.
* * * LOW HITPOINT WARNING * * *
Something shocks you.
You die...

.....# #..# #..##.......##..#
..##.# #..# #..#8..#.#..8#..#
.....# #..# #..#..#...#..#..#
...#.# #..###..#.........#..##
.#.#.#####......©#....©....#©..##
............###..#.....)...#....#
##...<.....†# #..#..#..†#..#.....
###.#####..# #.{#8..#.#..8#..###
#.### #..# #.@##©......##..#
#...# #..# #...#########...#
#...# #..# #...............#
#...# #..# #...............#
#..## #..# #.####.###.#..#.#
#..####..# #.# #.###.#..#.# ##
#........###.####∩.>.......#
.####.####.#.........###.#..###
....#.####..###.####.###.#....###


There were no monsters in sight!

Vanquished Creatures
  A phantom (D:4)
  The ghost of Danienth the Sneak, a weakling SpEn (D:3)
  An iguana (D:4)
  Jessica (D:2)
  4 gnolls (D:4)
  2 adders
  A worm (D:2)
  6 dart slugs
  4 orcs
  7 bats
  7 endoplasms
  3 giant cockroaches (D:2)
  4 goblins
  5 hobgoblins
  9 kobolds
  3 quokkas
  8 ball pythons
  2 frilled lizards (D:1)
  6 rats
75 creatures vanquished.

Notes
Turn   | Place    | Note
-------+----------+-------------------------------------------
     0 | D:1      | Ninjinzu the Demonspawn Berserker began the quest for the
                  | Orb.
     0 | D:1      | Reached XP level 1. HP: 18/18 MP: 1/1
   158 | D:1      | Gained mutation: You regenerate magic rapidly. [demonic
                  | ancestry]
   158 | D:1      | Reached XP level 2. HP: 13/24 MP: 2/2
   286 | D:1      | Found Eteqoa's Assorted Antiques.
   488 | D:1      | Reached XP level 3. HP: 12/29 MP: 3/3
   606 | D:1      | Found a faded altar of an unknown god.
   611 | D:1      | Reached ** piety under Trog
   966 | D:2      | Noticed Jessica
   975 | D:2      | Killed Jessica
   976 | D:2      | Gained mutation: You have a pair of small horns on your
                  | head. [demonic ancestry]
   976 | D:2      | Reached XP level 4. HP: 16/35 MP: 4/4
  1907 | D:3      | Found Ripn's General Store.
  1913 | D:3      | Found a transporter.
  1914 | D:3      | Noticed a sky beast
  1920 | D:3      | Noticed Danienth's ghost (weakling SpEn)
  2112 | D:3      | Found a transporter.
  2450 | D:4      | Gained mutation: You have an unusually large brain. (Int
                  | +2) [demonic ancestry]
  2450 | D:4      | Reached XP level 5. HP: 13/42 MP: 5/5
  2588 | D:4      | Noticed a phantom
  2601 | D:4      | Killed a phantom
  3032 | D:4      | Reached XP level 6. HP: 48/48 MP: 6/6
  3085 | D:4      | Found a sacrificial altar of Ru.
  3110 | D:4      | Found a burning altar of Makhleb.
  3263 | D:3      | Killed Danienth's ghost
  3271 | D:3      | HP: 1/48 [something (4)]
  3271 | D:3      | Slain by a sky beast

Illustrated notes

Levels and vault maps discovered:
D:1:      grunt_arrival_lava_bath, layout_basic,
          hellmonk_ecumenical_altar_heavens_door, serial_shops, shop
D:2:      layout_loops_cross, minmay_pentomino_pile, uniq_jessica
D:3:      layout_loops_ring, gammafunk_ghost_arena, serial_shops, shop,
          minivault_11
D:4:      layout_cave_pools, nicolae_overflow_crystal_walls,
          kennysheep_little_box, minmay_misc_feat_hallway

Skill      XL: |  1  2  3  4  5  6 |
---------------+-------------------+-----
Long Blades    | 3 4 |  4.7
Dodging        | 2 3 |  3.0
Armour         | 2 |  2.6
Fighting       | 4 |  4.0
Stealth        | |  0.8

Action                     |  1- 3 |  4- 6 || total
---------------------------+-------+-------++-------
  Melee: Falchion          |   113 |   146 ||   259
         Punch             |     2 |     6 ||     8
         Headbutt          |       |    25 ||    25
 Invoke: Berserk           |     1 |     2 ||     3
         Trog's Hand       |       |     3 ||     3
    Use: Potion            |       |     4 ||     4
 Armour: Animal skin       |    14 |    11 ||    25
         Plate armour      |       |   114 ||   114
  Dodge: Dodged            |    93 |    94 ||   187
